Map: Ruins of Seras

Players

Scarlett - Winner!

  • Race: Zerg Zerg
  • League: Master

Jason

  • Race: Terran Terran
  • League: Grandmaster

VOD

Have the link to the VOD?

Description

Time

  • Played on: March 3, 2016, 7:01 p.m.
  • Length: 8:01
Show
View Real Time Build Order
Export as new Build Order

Scarlett Zerg - Winner!

Build Orders: Hatch First 

Get SALT Encoding   

  12  0:00  Drone  
  13  0:09  Drone  
  14  0:17  Overlord  
  14  0:27  Extractor, Drone  
  15  0:37  Drone x2  
  17  0:48  Drone  
  18  0:59  Hatchery  
  18  1:00  Drone  
  18  1:08  Drone  
  18  1:10  Extractor  
  18  1:20  Spawning Pool  
  18  1:25  Drone  
  18  1:28  Drone  
  19  1:38  Overlord  
  19  1:52  Drone  
  20  2:07  Zergling x2  
  20  2:08  Queen  
  23  2:09  Metabolic Boost  
  23  2:10  Queen  
  23  2:11  Zergling x2  
  26  2:16  Drone  
  27  2:24  Drone x2  
  29  2:32  Drone  
  30  2:39  Overlord  
  30  2:46  Drone x2  
  30  2:48  Queen  
  34  2:53  Overlord  
  34  2:59  Burrow  
  34  3:00  Drone  
  35  3:13  Zergling x4  
  35  3:18  Zergling x10  
  42  3:20  Zergling x6  
  45  3:29  Evolution Chamber  
  44  3:39  Drone x4  
  48  3:48  Overlord  
  48  3:49  Drone x3  
  48  3:55  Zerg Melee Weapons Level 1  
  51  3:56  Drone  
  51  4:02  Overlord, Drone  
  52  4:17  Drone x5  
  52  4:21  Overlord  
  52  4:22  Drone x2  
  59  4:26  Drone  
  59  4:28  Lair, Extractor x2  
  59  4:29  Drone  
  55  4:37  Hatchery  
  54  4:40  Drone x2  
  55  4:48  Drone x2  
  55  4:51  Pneumatized Carapace  
  57  4:54  Extractor, Drone x2  
  57  4:55  Spore Crawler, Drone  
  57  4:56  Drone  
  57  4:57  Drone  
  60  5:04  Drone x2  
  62  5:13  Zergling x4  
  65  5:21  Drone x2  
  65  5:23  Spore Crawler, Drone  
  65  5:24  Drone  
  67  5:29  Spire  
  67  5:30  Baneling Nest  
  67  5:35  Drone x5  
  69  5:43  Drone  
  69  5:46  Drone x3  
  71  5:59  Zergling x8  
  75  6:12  Drone  
  75  6:13  Drone x3  
  75  6:14  Hatchery  
  74  6:25  Drone  
  74  6:26  Drone x5  
  74  6:30  Extractor  
  74  6:31  Extractor  
  74  6:32  Overlord x3  
  78  6:45  Overseer x2  
  78  6:47  Mutalisk x2  
  79  6:54  Zergling x2  
  79  6:55  Zergling x6  
  79  7:00  Drone  
  79  7:01  Drone x4  
  88  7:02  Drone x4  
  88  7:07  Overlord  
  88  7:08  Overlord  
  92  7:12  Extractor  
  92  7:14  Baneling x7  
  91  7:16  Extractor  
  91  7:17  Mutalisk x3  
  96  7:23  Mutalisk  
  96  7:24  Mutalisk  
  104  7:35  Zergling x16  
Show
View Real Time Build Order
Export as new Build Order

Jason Terran 

Build Orders: Liberator Opening, Reaper Expand 

Get SALT Encoding   

  12  0:01  SCV  
  13  0:13  SCV  
  14  0:18  Supply Depot  
  14  0:25  SCV  
  15  0:39  SCV  
  15  0:41  Barracks  
  16  0:45  Refinery  
  16  0:51  SCV  
  17  1:04  SCV  
  18  1:16  SCV  
  19  1:28  Reaper  
  19  1:29  Orbital Command  
  20  1:45  Command Center  
  20  1:53  Supply Depot  
  20  1:57  SCV  
  21  2:01  Barracks Reactor  
  21  2:09  SCV  
  22  2:21  SCV  
  23  2:23  Factory  
  23  2:34  SCV  
  24  2:39  Marine x2  
  26  2:46  SCV  
  27  2:52  Command Center  
  27  2:57  Refinery  
  27  3:04  Orbital Command  
  27  3:07  SCV  
  27  3:11  Marine x2  
  30  3:14  Widow Mine  
  30  3:19  SCV  
  33  3:27  Starport  
  33  3:30  SCV  
  33  3:31  SCV  
  35  3:37  Bunker  
  35  3:40  Marine x2  
  36  3:46  SCV  
  37  3:48  Factory Tech Lab  
  37  3:50  SCV  
  37  3:54  Liberator  
  38  3:59  Marine x2  
  39  4:08  Siege Tank  
  39  4:09  Orbital Command  
  41  4:15  SCV  
  41  4:16  Orbital Command  
  45  4:19  Marine  
  45  4:22  Marine  
  47  4:26  Supply Depot  
  47  4:33  SCV  
  48  4:42  SCV  
  48  4:43  SCV  
  50  4:46  Bunker  
  50  4:48  SCV  
  50  4:51  Liberator  
  51  4:56  Barracks  
  51  4:57  Supply Depot, SCV  
  51  4:58  SCV  
  53  5:01  Factory Reactor  
  53  5:03  SCV  
  54  5:10  SCV  
  54  5:12  SCV  
  59  5:15  SCV  
  59  5:19  Barracks  
  60  5:22  Marine  
  60  5:23  SCV  
  60  5:24  SCV  
  60  5:27  Supply Depot  
  63  5:32  SCV  
  63  5:35  Refinery, SCV  
  65  5:37  Refinery, SCV  
  66  5:44  SCV  
  66  5:47  SCV  
  66  5:49  Stimpack  
  65  5:51  Marine, Starport Reactor  
  65  5:52  Factory Tech Lab  
  65  5:53  SCV  
  65  5:56  Supply Depot, SCV  
  68  5:59  SCV  
  68  6:00  Marine x2  
  68  6:01  Supply Depot  
  71  6:08  Marine  
  69  6:17  SCV  
  69  6:18  Marine  
  70  6:20  SCV  
  70  6:24  SCV, Engineering Bay  
  70  6:25  Engineering Bay  
  72  6:26  Marine x2  
  72  6:29  Marine, Orbital Command, Medivac x2  
  72  6:30  SCV  
  80  6:35  SCV  
  80  6:36  Marine  
  80  6:38  Siege Tank  
  85  6:42  SCV  
  86  6:47  SCV  
  86  6:51  Marine x2  
  86  6:52  Marine  
  90  7:02  Barracks  
  90  7:05  SCV  
  90  7:06  SCV  
  92  7:08  Missile Turret  
  92  7:09  Missile Turret  
  92  7:11  Missile Turret, SCV  
  92  7:12  Marine  
  92  7:13  Marine  
  95  7:20  SCV x2  
  97  7:24  Medivac x2  
  97  7:29  Barracks  
  101  7:32  Supply Depot  
  101  7:39  Supply Depot x2  
  101  7:41  Marine  
  101  7:43  SCV  
  101  7:56  Missile Turret  
Tags
 
Add a new tag
Caveats
  • Supply blocks, unpowered buildings, or Contaminate may cause inaccurate times.
  • Supply counts are checked every 10 seconds.